Map: Year Zero LE

Players

NORTHAMERICA

  • Race: Protoss Protoss
  • League: Master
  • Spawn Location: 11:00

llllllllllll - Winner!

  • Race: Zerg Zerg
  • League: Master
  • Spawn Location: 1:00

VOD

Have the link to the VOD?

Description

Time

  • Played on: Jan. 27, 2019, 8:22 a.m.
  • Length: 6:50
Show
View Real Time Build Order
Export as new Build Order

NORTHAMERICA Protoss 

Build Orders: 1 Gate Expand, Oracle Opening, Phoenix Opening 

Get SALT Encoding   

  12  0:01  Probe  
  13  0:13  Probe  
  14  0:20  Pylon  
  14  0:25  Probe  
  15  0:36  Probe  
  15  0:41  Gateway  
  16  0:44  Probe  
  16  0:49  Assimilator  
  17  0:52  Probe  
  18  1:04  Probe  
  19  1:16  Probe  
  20  1:27  Nexus  
  20  1:36  Cybernetics Core  
  20  1:39  Probe  
  21  1:48  Assimilator  
  21  1:51  Probe  
  22  1:57  Pylon  
  22  2:03  Probe  
  22  2:05  Adept  
  23  2:15  Probe  
  26  2:24  Stargate  
  26  2:27  Probe  
  27  2:34  Warp Gate  
  27  2:37  Probe  
  27  2:38  Adept  
  27  2:39  Probe  
  31  2:45  Probe  
  32  2:51  Probe  
  32  2:55  Probe  
  34  3:00  Phoenix  
  34  3:03  Probe  
  35  3:07  Probe  
  38  3:14  Oracle  
  38  3:15  Probe  
  40  3:20  Gateway, Probe  
  43  3:27  Pylon, Probe  
  43  3:32  Probe  
  45  3:40  Probe  
  46  3:44  Gateway  
  46  3:45  Probe  
  46  3:46  Gateway  
  47  3:51  Twilight Council  
  47  3:56  Pylon, Probe  
  47  3:58  Resonating Glaives  
  47  4:01  Probe  
  49  4:08  Probe  
  49  4:09  Pylon  
  50  4:13  Probe  
  51  4:18  Pylon  
  51  4:21  Probe  
  52  4:25  Probe  
  52  4:26  Assimilator  
  52  4:29  Adept x2  
  57  4:33  Probe  
  57  4:37  Probe  
  59  4:41  Adept x2  
  63  4:52  Nexus  
  63  4:56  Pylon, Adept  
  63  4:57  Adept  
  67  5:02  Adept  
  67  5:03  Adept  
  71  5:09  Probe  
  71  5:11  Probe  
  73  5:16  Assimilator  
  73  5:20  Adept x2  
  77  5:22  Shield Battery x2  
  77  5:24  Stalker x2  
  77  5:38  Probe  
  78  5:44  Adept  
  78  5:45  Adept  
  82  5:54  Adept x2  
  74  6:06  Adept x2  
  73  6:11  Probe  
  65  6:19  Stalker x2  
  69  6:27  Stalker x2  
  71  6:36  Shield Battery  
  71  6:39  Stalker  
  59  6:43  Adept  
Show
View Real Time Build Order
Export as new Build Order

llllllllllll Zerg - Winner!

Build Orders: Hatch First, Roach Nydus 

Get SALT Encoding   

  12  0:01  Drone  
  13  0:13  Overlord  
  13  0:18  Drone  
  14  0:32  Drone x2  
  16  0:50  Hatchery  
  16  0:53  Drone  
  16  0:57  Drone  
  17  1:00  Drone  
  18  1:11  Extractor  
  18  1:16  Spawning Pool  
  16  1:19  Drone  
  16  1:23  Drone  
  18  1:29  Drone  
  19  1:41  Drone  
  20  1:52  Overlord  
  20  2:02  Queen x2  
  20  2:04  Zergling x4  
  26  2:15  Drone x2  
  28  2:29  Hatchery  
  27  2:35  Drone x3  
  30  2:44  Drone x2  
  30  2:50  Queen  
  34  2:54  Overlord  
  34  3:01  Drone  
  34  3:02  Overlord  
  36  3:05  Drone  
  36  3:12  Drone  
  36  3:14  Drone x3  
  39  3:20  Drone  
  39  3:21  Lair  
  40  3:28  Queen  
  42  3:40  Drone x2, Roach Warren  
  42  3:41  Drone  
  44  3:42  Extractor  
  44  3:45  Drone  
  44  3:46  Drone, Extractor  
  44  3:49  Spore Crawler  
  44  3:51  Drone  
  44  3:59  Queen  
  46  4:18  Overseer  
  46  4:20  Drone  
  46  4:21  Overlord x2  
  47  4:27  Drone  
  48  4:32  Nydus Network  
  48  4:36  Overlord  
  47  4:41  Overlord  
  47  4:47  Drone  
  47  4:48  Spore Crawler  
  47  4:49  Roach x4  
  47  4:50  Roach  
  57  4:56  Roach  
  59  5:05  Roach x5  
  69  5:14  Nydus Canal  
  69  5:16  Roach x2  
  69  5:20  Overlord x2  
  73  5:35  Nydus Canal  
  73  5:37  Overlord  
  73  5:40  Roach x3  
  73  5:41  Roach x2  
  83  5:45  Nydus Canal  
  81  5:51  Nydus Canal  
  81  5:59  Roach x4  
  81  6:00  Roach x2  
  87  6:05  Nydus Canal  
  87  6:11  Roach x2  
  87  6:13  Roach  
  83  6:19  Roach  
  83  6:20  Roach  
  83  6:23  Roach  
  87  6:31  Roach  
Tags
 
Add a new tag
Caveats
  • Supply blocks, unpowered buildings, or Contaminate may cause inaccurate times.
  • Supply counts are checked every 10 seconds.